 Dungeon Crawl Stone Soup version 0.27.1-1-g398f81649c (webtiles) character file.

Game seed: 10938098325534389751

64 Atelerd the Digger (level 4, 0/27 HPs)
             Began as an Octopode Earth Elementalist on Sept 21, 2021.
             Slain by Grinder (6 damage)
             ... while paralysed by Grinder
             ... on level 3 of the Dungeon.
             The game lasted 00:01:57 (2042 turns).

Atelerd the Digger (Octopode Earth Elementalist)    Turns: 2042, Time: 00:01:58

Health: 0/27       AC:  1    Str:  7    XL:     4   Next: 12%
Magic:  4/7        EV:  2    Int: 18    God:
Gold:   80         SH:  0    Dex: 12    Spells: 6/7 levels left

rFire    . . .     SeeInvis .   f - +0 dagger
rCold    . . .     Faith    .   (no shield)
rNeg     . . .     Spirit   .   (helmet restricted)
rPois    .         Reflect  .   (no amulet)
rElec    .         Harm     .   (no ring)
rCorr    .         Rampage  .   (no ring)
Will     .....                  (no ring)
Stlth    +++.......             (no ring)
HPRegen  0.09/turn              (no ring)
MPRegen  0.10/turn              (no ring)
                                (no ring)
                                (no ring)

@: paralysed
A: almost no armour, amphibious, 8 rings, camouflage 1, gelatinous body 1,
(nimble swimmer 1), tentacles
a: no special abilities


You were on level 3 of the Dungeon.
You visited 1 branch of the dungeon, and saw 3 of its levels.

You collected 80 gold pieces.

Inventory:

Hand Weapons
 f - a +0 dagger (weapon)
Missiles
 b - 65 stones
Scrolls
 d - a scroll of teleportation {unknown}
 e - a scroll of holy word {unknown}
 h - a scroll of enchant weapon {unknown}
 i - a scroll of acquirement {unknown}
 j - a scroll of identify {unknown}
Potions
 a - a potion of mutation {unknown}
 c - a potion of curing {unknown}
 g - a potion of heal wounds {unknown}


   Skills:
 - Level 2.0 Dodging
 + Level 3.5 Stealth
 + Level 2.3 Spellcasting
 * Level 2.2 Transmutations
 * Level 3.7 Earth Magic


You had 6 spell levels left.
You knew the following spells:

 Your Spells              Type           Power      Damage    Failure   Level
a - Sandblast             Erth           30%        2d9       3%          1

Your spell library contained the following spells:

 Spells                   Type           Power      Damage    Failure   Level
 Passwall                 Tmut/Erth      10%        N/A       8%          2
 Stone Arrow              Conj/Erth      16%        3d8       24%         3
 Petrify                  Tmut/Erth      12%        N/A       45%         4


Dungeon Overview and Level Annotations

Branches:
Dungeon (3/15)

Altars:
Nemelex Xobeh
Qazlal

Annotations:
D:3 Grinder


Innate Abilities, Weirdness & Mutations

You cannot wear most types of armour.
You are amphibious.
You can wear up to eight rings at the same time.
Your skin changes colour to match your surroundings (Stealth+).
Your rubbery body absorbs attacks. (AC +1, EV +1)
((You are camouflaged near water. (Stealth+)))
You have tentacles for arms and can constrict up to eight enemies at once.


Message History

No target in view!
Found 25 stones.
No target in view!
b - 68 stones (gained 25)
Found 2 gold pieces.
No target in view!
Grinder comes into view.
Found a stormy altar of Qazlal.
Grinder is nearby!
Grinder is nearby!
Grinder is nearby!
You hit Grinder but do no damage. Your grab misses Grinder.
Grinder hits you but does no damage.
Grinder is nearby!
You barely miss Grinder. You grab Grinder. You constrict Grinder.
Grinder closely misses you.
Grinder is nearby!
You hit Grinder. You squeeze Grinder, but do no damage.
Grinder is lightly wounded.
You constrict Grinder, but do no damage.
Grinder says, "Don't move a muscle."
Grinder closely misses you.
The blast of sand hits Grinder.
Grinder is lightly wounded.
You constrict Grinder. Grinder misses you.
The blast of sand hits Grinder.
Grinder is moderately wounded.
You constrict Grinder. Grinder gestures at you.
You resist with significant effort.
The blast of sand hits Grinder!
Grinder is heavily wounded.
You constrict Grinder. Grinder gestures at you.
You suddenly lose the ability to move!
You lose your grip on Grinder.
Grinder hits you!
You writhe in agony.
Grinder hits you!
* * * LOW HITPOINT WARNING * * *
You writhe in agony.
You die...

#......... #.........
#....§§... #.........
######### #..≈§§§...
.........# ##....≈.§.. ......#
..###..5...§...
.#########......@......#
#..§.§...§#......####.<##
#.§§§≈≈≈≈.#.............##
#≈§.≈§§.§≈#.......####...
#§.≈.§.§§≈#.......####.####...
#≈.≈._.§§≈#...................
#≈.≈...≈.≈#.......####.#####..
#≈..≈≈≈.§≈#......## #.#
#.≈≈≈≈≈§≈.#......#####.###


You could see Grinder.

Vanquished Creatures
  An adder (D:2)
  2 worms (D:2)
  A dart slug (D:1)
  10 bats
  3 endoplasms
  2 giant cockroaches
  4 goblins
  2 hobgoblins (D:1)
  5 kobolds
  3 quokkas
  6 ball pythons
  3 frilled lizards
  4 rats
46 creatures vanquished.

Notes
Turn   | Place    | Note
-------+----------+-------------------------------------------
     0 | D:1      | Atelerd the Octopode Earth Elementalist began the quest for
                  | the Orb.
     0 | D:1      | Reached XP level 1. HP: 11/11 MP: 3/3
   230 | D:1      | Reached XP level 2. HP: 16/17 MP: 3/5
  1089 | D:1      | Reached XP level 3. HP: 21/21 MP: 6/6
  1728 | D:2      | Reached XP level 4. HP: 27/27 MP: 4/7
  1947 | D:3      | Found a sparkling altar of Nemelex Xobeh.
  2031 | D:3      | Noticed Grinder
  2032 | D:3      | Found a stormy altar of Qazlal.
  2040 | D:3      | Paralysed by Grinder for 7 turns
  2042 | D:3      | Slain by Grinder

Illustrated notes

Levels and vault maps discovered:
D:1:      nicolae_arrival_memento_mori, layout_loops_cross
D:2:      layout_basic, minmay_pentomino_o2
D:3:      layout_rooms, lemuel_coloured_pillars_altar,
          mainiacjoe_overflow_paths, nicolae_qazlal_scattered_showers,
          eino_tiny_chamber, grunt_ministairs_5, uniq_grinder

Skill      XL: |  1  2  3 |
---------------+----------+-----
Stealth        | 3 |  3.5
Transmutations | 2 |  2.2
Dodging        | |  2.0
Spellcasting   | |  2.3
Earth Magic    | |  3.7

Action                   |  1- 3 |  4- 6 || total
-------------------------+-------+-------++-------
Melee: Unarmed           |    13 |       ||    13
       Dagger            |    47 |    15 ||    62
       Constrict         |    17 |     4 ||    21
       Tentacles         |     9 |     1 ||    10
 Cast: Sandblast         |    29 |     3 ||    32
 Stab: Sleeping          |     7 |     3 ||    10
Armor: Skin              |     9 |     3 ||    12
Dodge: Dodged            |    64 |    10 ||    74
